 Dungeon Crawl Stone Soup version 0.24.0-123-gd5b16e6ec5 (webtiles) character file.

Game seed: 13537034295495515723, levelgen mode: deterministic

34 night the Insei (level 3, -1/21 HPs)
             Began as a Tengu Transmuter on Feb 7, 2020.
             Slain by Natasha (3 damage)
             ... on level 2 of the Dungeon.
             The game lasted 00:03:46 (1840 turns).

night the Insei (Tengu Transmuter)                  Turns: 1840, Time: 00:03:47

Health: -1/21      AC:  4    Str: 10    XL:     3   Next: 31%
Magic:  2/7        EV: 13    Int: 14    God:
Gold:   86         SH:  0    Dex: 14    Spells: 0/6 levels left

rFire    . . .     SeeInvis .     - Unarmed
rCold    . . .     Gourm    .   (no shield)
rNeg     . . .     Faith    .   e - -1 ring mail (curse)
rPois    .         Spirit   .   (helmet restricted)
rElec    .         Reflect  .   (no cloak)
rCorr    .         Harm     .   (no gloves)
MR       .....                  (boots unavailable)
Stlth    +.........             (no amulet)
HPRegen  0.07/turn              (no ring)
MPRegen  0.10/turn              (no ring)

@: flying quickly and evasively, very slightly contaminated, quick
A: beak, talons 3
a: no special abilities


You were on level 2 of the Dungeon.
You were not hungry.

You visited 1 branch of the dungeon, and saw 2 of its levels.

You collected 86 gold pieces.

Inventory:

Hand Weapons
 m - a +0 hunting sling
Missiles
 a - 25 arrows
 f - 35 stones (quivered)
 g - 20 sling bullets
 i - 24 bolts
Armour
 b - a +0 robe
 e - a cursed -1 ring mail (worn)
Scrolls
 c - a scroll of teleportation
 h - 2 scrolls of remove curse {unknown}
 l - a scroll of enchant weapon {unknown}
Potions
 k - a potion of mutation {unknown}
Comestibles
 d - 4 rations
 n - 2 chunks of flesh


   Skills:
 + Level 1.7 Fighting
 - Level 2.1 Dodging
 * Level 4.1 Unarmed Combat
 - Level 2.0 Spellcasting
 + Level 2.0 Transmutations


You couldn't memorise any spells.
You knew the following spells:

 Your Spells              Type           Power        Failure   Level  Hunger
a - Beastly Appendage     Tmut           #.....       26%         1    ##.....
b - Sticks to Snakes      Tmut           #.......     38%         2    ###....
c - Spider Form           Tmut/Pois      #.........   77%         3    ####...

Your spell library contained the following spells:

 Spells                   Type           Power        Failure   Level  Hunger
 Ice Form                 Ice/Tmut       #.......     99%         4    #####..
 Blade Hands              Tmut           #.........   100%        5    ######.


Dungeon Overview and Level Annotations

Branches:
Dungeon (2/15)

Altars:

Annotations:
D:2 Natasha


Innate Abilities, Weirdness & Mutations

You have a beak for a mouth.
You have claws for feet.


Message History

Natasha claws you!
You hit Natasha. Your kick misses Natasha.
Natasha is heavily wounded.
Natasha mumbles some strange words.
You closely miss Natasha.
Natasha is heavily wounded.
Natasha casts a spell at you. The magic dart hits you.
* * * LOW HITPOINT WARNING * * *
You barely miss Natasha.
Natasha is heavily wounded.
The shadow imp hits you.
* * * LOW HITPOINT WARNING * * *
Natasha claws you.
* * * LOW HITPOINT WARNING * * *
It was a potion of flight.
You feel very buoyant.
You swoop lightly up into the air.
The shadow imp misses you. Natasha claws you.
You die...

#################
................#
###.#####.....#.## #)#
#.....#..#
###.#####.....##.######.#
........'.....+..........
###.#####.....###.#####.
...............5@..#
###.############h#.# #.#
...........#.# #.#
.###...###.#.# #.#
....... ..#.# #.# .###(..
#.#.. ###.# #... #.#..
....# #.l. #.#.g #####
.... #.#


You could see Natasha and a shadow imp.

Vanquished Creatures
  2 leopard geckos (D:1)
  A giant cockroach (D:1)
  6 goblins
  5 hobgoblins
  4 bats
  2 frilled lizards (D:2)
  5 kobolds
  4 rats
29 creatures vanquished.

Vanquished Creatures (collateral kills)
  A frilled lizard (D:2)
1 creature vanquished.

Grand Total: 30 creatures vanquished

Notes
Turn   | Place    | Note
-------+----------+-------------------------------------------
     0 | D:1      | night the Tengu Transmuter began the quest for the Orb.
     0 | D:1      | Reached XP level 1. HP: 12/12 MP: 4/4
   300 | D:1      | Reached XP level 2. HP: 16/16 MP: 6/6
   418 | D:1      | Learned a level 2 spell: Sticks to Snakes
  1459 | D:2      | Reached XP level 3. HP: 20/20 MP: 7/7
  1464 | D:2      | Learned a level 3 spell: Spider Form
  1483 | D:2      | Reached skill level 4 in Unarmed Combat
  1820 | D:2      | Noticed Natasha
  1840 | D:2      | Slain by Natasha

Levels and vault maps discovered:
D:1:      lemuel_arrival_river_bridge, layout_loops_corners
D:2:      layout_basic, old_standard_altar, chequers_hall_statues_wall_a,
          kennysheep_generic_room_4, uniq_natasha

Skill      XL: |  1  2  3 |
---------------+----------+-----
Unarmed Combat | 4 |  4.1
Transmutations | 2 |  2.0
Fighting       | |  1.7
Dodging        | |  2.1
Spellcasting   | |  2.0

Action                   || total
-------------------------++-------
Melee: Unarmed           ||    72
       Kick              ||    17
       Peck              ||     4
 Cast: Sticks to Snakes  ||     2
  Use: Scroll            ||     1
       Potion            ||     1
 Stab: Sleeping          ||     1
  Eat: Chunk             ||     3
Armor: Robe              ||     3
       Ring mail         ||    11
Dodge: Dodged            ||    34
